 Dungeon Crawl Stone Soup version 0.28-a0-863-g8cecda6153 (webtiles) character file.

Game seed: 1661332537570309721

256 siradein the Skirmisher (level 5, 0/37 HPs)
             Began as a Demonspawn Chaos Knight on Nov 17, 2021.
             Was a Plaything of Xom.
             Slain by an ufetubus (3 damage)
             ... on level 4 of the Dungeon.
             The game lasted 00:07:46 (3096 turns).

siradein the Skirmisher (Demonspawn Chaos Knight)   Turns: 3096, Time: 00:07:47

Health: 0/37       AC: 10    Str: 14    XL:     5   Next: 92%
Magic:  0/5        EV:  7    Int: 16    God:    Xom [..*...]
Gold:   122        SH:  0    Dex: 15    Spells: 4/4 levels left

rFire   . . .      SeeInvis .   a - +0 falchion (chaos)
rCold   . . .      Faith    .   (no shield)
rNeg    . . .      Spirit   +   l - +0 chain mail
rPois   .          Reflect  .   (no helmet)
rElec   .          Harm     .   d - +0 cloak
rCorr   .          Rampage  .   (no gloves)
Will    .....                   (no boots)
Stlth   ..........              (no amulet)
HPRegen 0.12/turn               (no ring)
MPRegen 0.18/turn               (no ring)

@: no status effects
A: hooves 1, magic shield, magic regeneration, agile 1, clever 1, frail 1,
strong 1
a: Renounce Religion


You were on level 4 of the Dungeon.
You worshipped Xom.
You were a toy of Xom.
You visited 1 branch of the dungeon, and saw 4 of its levels.

You collected 122 gold pieces.

Inventory:

Hand Weapons
 a - a +0 falchion of chaos (weapon)
Armour
 d - a +0 cloak (worn)
 l - a +0 chain mail (worn)
Scrolls
 c - a scroll of noise {unknown}
 e - a scroll of enchant weapon {unknown}
 h - a scroll of blinking {unknown}
 i - a scroll of fog {unknown}
 j - 2 scrolls of identify {unknown}
Potions
 b - a potion of ambrosia {unknown}
 f - 2 potions of brilliance {unknown}
 g - a potion of invisibility {unknown}
 k - 2 potions of might {unknown}


   Skills:
 + Level 4.1 Fighting
 + Level 3.8 Long Blades
 + Level 3.1 Armour
 + Level 2.7 Dodging


You had 4 spell levels left.
You didn't know any spells.
Your spell library contained the following spells:

 Spells                   Type           Power      Damage    Failure   Level
 Corpse Rot               Necr/Air       0%         N/A       100%        2
 Poisonous Vapours        Pois/Air       0%         N/A       100%        2
 Blade Hands              Tmut           0%         N/A       100%        5
 Irradiate                Conj/Tmut      0%         3d14      100%        5
 Dragon Form              Tmut           0%         N/A       100%        7


Dungeon Overview and Level Annotations

Branches:
Dungeon (4/15)             Temple (0/1) D:4

Altars:
Wu Jian

Shops:
D:1 !   D:3 =


Innate Abilities, Weirdness & Mutations

You have large cloven feet.
When hurt, damage is shared between your health and your magic reserves.
You regenerate magic rapidly.
You are agile. (Dex +2)
Your mind is acute. (Int +2)
You are frail. (-10% HP)
Your muscles are strong. (Str +2)


Message History

You hit the orc. You freeze the orc.
You kill the orc!
Xom's power touches on a nearby monster.
The ufetubus flickers and vanishes!
Deactivating autopickup; reactivate with Ctrl-A.
Something hits the plant. x2
You barely miss the kobold. You kick the kobold.
You kill the kobold!
You completely miss something. Your kick misses something.
A nearby plant withers and dies.
Something hits you but does no damage. Something hits you.
Something hits you but does no damage. x2
You closely miss something. Your kick misses something.
Something hits you but does no damage. x2
You closely miss something.
Something hits you but does no damage. x3
Something hits you.
You barely miss something.
Something hits you but does no damage. x3
Something hits you.
You miss something. Your kick misses something.
Something hits you but does no damage. Something hits you.
You miss something.
Something hits you but does no damage. x2
Something completely misses you. Something hits you but does no damage.
Something hits you. Something hits you but does no damage.
Something hits you but does no damage. x2
Something hits you but does no damage. x2
Something completely misses you. Something hits you.
* * * LOW HITPOINT WARNING * * *
Something hits you.
* * * LOW HITPOINT WARNING * * *
Something hits you.
* * * LOW HITPOINT WARNING * * *
Something hits you.
* * * LOW HITPOINT WARNING * * *
Something hits you but does no damage.
You miss something. Your kick misses something. Something hits you.
* * * LOW HITPOINT WARNING * * *
Something hits you but does no damage.
You miss something. Your kick misses something.
Something hits you but does no damage. Something hits you.
You die... "This toy is broken."

#.......P.PP..##.(#########.#.##
#.......##)##.##..# #.#.##
###########.# ..#..## #.#.#
#...........# #.#... #.#.##
#...........# #.#.## #.#.##
#...........# #...# #.#...
#...........# ##..# #.####
#...........####..####... ...
#..............{@>....... ###
#...........#####.####### #
#...........# #.# #########
############# #.# #........ #.#
#.####### #.# #.# #.# #.# #.#
#.# #.#######.#


There were no monsters in sight!

Vanquished Creatures
  An ogre (D:4)
  A scorpion (D:3)
  A howler monkey skeleton (D:4)
  3 adders
  3 worms
  3 dart slugs (D:3)
  5 orcs
  7 ball pythons
  5 bats
  6 endoplasms
  2 giant cockroaches
  A hobgoblin (D:1)
  3 kobolds
  3 frilled lizards
  7 goblins
  2 rats
53 creatures vanquished.

Vanquished Creatures (collateral kills)
  3 orcs (D:4)
  An endoplasm (D:4)
4 creatures vanquished.

Vanquished Creatures (others)
  4 plants (D:4)
4 creatures vanquished.

Grand Total: 61 creatures vanquished

Notes
Turn   | Place    | Note
-------+----------+-------------------------------------------
     0 | D:1      | siradein the Demonspawn Chaos Knight began the quest for
                  | the Orb.
     0 | D:1      | Reached XP level 1. HP: 18/18 MP: 1/1
    43 | D:1      | Reached skill level 1 in Dodging
   144 | D:1      | XOM: give mutations
   144 | D:1      | Gained mutation: Your mind is acute. (Int +2) [Xom's grace]
   144 | D:1      | Gained mutation: Your muscles are strong. (Str +2) [Xom's
                  | grace]
   144 | D:1      | Gained mutation: You are agile. (Dex +2) [Xom's grace]
   144 | D:1      | Gained mutation: You have large cloven feet. [Xom's grace]
   380 | D:1      | XOM: 5-stop teleportation journey
   387 | D:1      | XOM: scenery: summon butterflies
   463 | D:1      | Gained mutation: You regenerate magic rapidly. [demonic
                  | ancestry]
   463 | D:1      | Reached XP level 2. HP: 22/24 MP: 2/2
   566 | D:1      | Found Isypiol's Distillery.
   937 | D:2      | Found a faded altar of an unknown god.
  1369 | D:2      | Found an ornate altar of the Wu Jian Council.
  1515 | D:2      | Gained mutation: When hurt, damage is shared between your
                  | health and your magic reserves. [demonic ancestry]
  1515 | D:2      | Reached XP level 3. HP: 29/29 MP: 3/3
  1648 | D:2      | XOM: god gift: scroll labelled HAT WAUCZOETI {god gift}
  1854 | D:3      | Found Hajuka's Jewellery Boutique.
  1892 | D:3      | Reached XP level 4. HP: 33/35 MP: 4/4
  1921 | D:3      | Noticed a scorpion
  1930 | D:3      | Killed a scorpion
  1930 | D:3      | XOM: smoke on damage
  2346 | D:3      | XOM: divination: detect creatures
  2379 | D:3      | XOM: give mutation
  2379 | D:3      | Gained mutation: You are frail. (-10% HP) [Xom's mischief]
  2468 | D:3      | Mutation became permanent: You have large cloven feet.
                  | [demonic ancestry]
  2468 | D:3      | Gained mutation: You have large cloven feet. [demonic
                  | ancestry]
  2468 | D:3      | Reached XP level 5. HP: 35/37 MP: 5/5
  2624 | D:4      | Noticed an ogre
  2628 | D:4      | XOM: confuse monster(s)
  2635 | D:4      | Killed an ogre
  2636 | D:4      | Reached skill level 4 in Fighting
  2764 | D:4      | XOM: cast spell 'Summon Mana Viper'
  2816 | D:4      | XOM: scenery: summon butterflies
  2893 | D:4      | XOM: noise
  3054 | D:4      | Found a staircase to the Ecumenical Temple.
  3074 | D:4      | XOM: noise
  3077 | D:4      | XOM: enchant monster (bad)
  3096 | D:4      | Slain by an ufetubus

Illustrated notes

Levels and vault maps discovered:
D:1:      minmay_arrival_diagonal_passages, layout_basic, serial_shops,
          nicolae_shop_window_shopping, grunt_decor_junction
D:2:      layout_loops_ring, basic_altar, dreamdust_ecumenical_altar_statues
D:3:      layout_rooms, serial_shops, shop
D:4:      layout_basic, minmay_temple_entry_overgrown, minmay_manual_monolith

Skill      XL: |  1  2  3  4  5 |
---------------+----------------+-----
Dodging        | 1 2 |  2.7
Armour         | 2 3 |  3.1
Long Blades    | 3 |  3.8
Fighting       | 4 |  4.1

Action                   |  1- 3 |  4- 6 || total
-------------------------+-------+-------++-------
Melee: Falchion          |    93 |    77 ||   170
       Kick              |    22 |    15 ||    37
  Use: Scroll            |       |     2 ||     2
       Potion            |       |     1 ||     1
Armor: Leather armour    |    36 |     9 ||    45
       Chain mail        |       |    62 ||    62
Dodge: Dodged            |    71 |    58 ||   129

Table legend: (Time is in decaauts)
 A = Elapsed time spent in this place.
 B = Non-inter-level travel time spent in this place.
 C = Inter-level travel time spent in this place.
 D = Time resting spent in this place.
 E = Time spent auto-exploring this place.
 F = Levels seen in this place.
 G = Mean time per level.
                   A        B        C        D        E       F      G
               +--------+--------+--------+--------+--------+-----+--------+
         Total |   3128 |   3055 |     73 |     16 |   2514 |   4 |  782.0 |
       Dungeon |   3128 |   3055 |     73 |     16 |   2514 |   4 |  782.0 |
               +--------+--------+--------+--------+--------+-----+--------+

Top non-repeatable levels by time:
     D:2: 916 daAuts
     D:1: 839 daAuts
     D:3: 798 daAuts
     D:4: 573 daAuts
